 Dungeon Crawl Stone Soup version 0.16-a0-3855-gd2600ac (webtiles) character file.

238 ConnectionFaild the Charlatan (level 5, -4/25 HPs)
             Began as a Spriggan Artificer on Jan 31, 2015.
             Slain by an ogre
             ... wielding a +0 giant spiked club
              (26 damage)
             ... on level 5 of the Dungeon.
             The game lasted 00:06:32 (2896 turns).

ConnectionFaild the Charlatan (Spriggan Artificer)  Turns: 2896, Time: 00:06:32

Health: -4/25      AC:  3    Str:  7    XL:     5   Next: 78%
Magic:  15/15      EV: 18    Int: 14    God:
Gold:   95         SH:  0    Dex: 17    Spells: 0 memorised, 4 levels left

rFire  . . .     SeeInvis +     a - +2 dagger (venom)
rCold  . . .     Clarity  .     e - +0 robe
rNeg   . . .     SustAb   .     (shield restricted)
rPois  .         Gourm    .     (helmet restricted)
rElec  .         Spirit   .     v - +0 cloak
rCorr  .         Warding  .     (gloves unavailable)
rMut   .         Stasis   .     (boots unavailable)
MR     .....                    (no amulet)
Stlth  ++++......               (no ring)
                                (no ring)

@: very quick, not resistant to hostile enchantments, stealthy
A: unfitting armour, see invisible, herbivore 3, speed 3, slow metabolism 2
a: no special abilities


You were on level 5 of the Dungeon.
You were not hungry.

You visited 1 branch of the dungeon, and saw 5 of its levels.

You collected 95 gold pieces.

Inventory:

Hand weapons
 a - a +2 dagger of venom (weapon)
Missiles
 t - 3 tomahawks (quivered)
 w - 10 poisoned needles
Armour
 e - a +0 robe (worn)
 v - a +0 cloak (worn)
Jewellery
 i - an uncursed ring of fire
Magical devices
 c - a wand of enslavement (14)
 d - a wand of random effects (10)
 s - a wand of fire (7)
Scrolls
 g - 2 scrolls of random uselessness {unknown}
 h - a scroll of enchant armour {unknown}
 k - 2 scrolls of identify {unknown}
 l - a scroll of magic mapping {unknown}
 o - a scroll of recharging {unknown}
 r - 2 scrolls of immolation {unknown}
 u - a scroll of fear {unknown}
Potions
 j - a potion of might {unknown}
 m - a potion of restore abilities {unknown}
 p - a potion of curing {unknown}
Comestibles
 f - 2 bread rations
 n - 4 fruits
 q - a royal jelly


   Skills:
 - Level 0.7 Fighting
 - Level 1.1 Short Blades
 - Level 3.0 Dodging
 + Level 6.6 Stealth
 + Level 7.1 Evocations


You had 4 spell levels left.
You didn't know any spells.

Dungeon Overview and Level Annotations

Branches:
Dungeon (5/15)
 Temple: D:4-7

Altars:
Elyvilon
Kikubaaqudgha
Makhleb
Qazlal
Ru
Vehumet


Innate Abilities, Weirdness & Mutations

You are tiny and cannot use many weapons and most armour.
You have supernaturally acute eyesight.
You are a herbivore.
You cover ground extremely quickly.
You need consume almost no food.


Message History

The worker ant closely misses you.
You hit the worker ant but do no damage.
The worker ant is almost dead.
The worker ant misses you.
A kobold comes into view.
You hit the worker ant.
The worker ant is almost dead.
You kill the worker ant!
Your Evocations skill increases to level 7!
You barely miss the ogre. The ogre misses you.
You hit the ogre.
The ogre is poisoned.
The ogre is lightly wounded.
The ogre closely misses you.
You hit the ogre.
The ogre is moderately wounded.
You hit the ogre.
The ogre looks even sicker.
The ogre is heavily wounded.
The ogre hits you with a giant spiked club!!
Ouch! That really hurt!
You die...

#.........
#...[.....#
#..........
.########..........
#.#.....##......#
#........##......#
#........##......#
#........##......#
#.....†..@O......#
#........##########
#.................
#.........###..##
##.#####.†....)# #
#.#.##..#
###.......#
#.....##....
###.###########


You could see an ogre.

Vanquished Creatures
  A scorpion (D:4)
  2 orc priests (D:3)
  3 worker ants
  Ijyb (D:4)
  A giant gecko (D:1)
  3 orcs
  2 ball pythons
  2 giant cockroaches
  3 hobgoblins
  A quokka (D:3)
  4 bats
  2 giant newts
  3 goblins
  8 jackals
  A kobold (D:3)
  A quokka skeleton (D:5)
  6 rats
44 creatures vanquished.

Vanquished Creatures (collateral kills)
  2 orcs (D:3)
  A rat (D:3)
3 creatures vanquished.

Grand Total: 47 creatures vanquished

Notes
Turn   | Place    | Note
--------------------------------------------------------------
     0 | D:1      | ConnectionFaild, the Spriggan Artificer, began the quest for the Orb.
     0 | D:1      | Reached XP level 1. HP: 9/9 MP: 2/2
   296 | D:1      | Reached XP level 2. HP: 6/14 MP: 5/5
   496 | D:2      | Found a sacrificial altar of Ru.
  1061 | D:3      | Found a burning altar of Makhleb.
  1061 | D:3      | Found a radiant altar of Vehumet.
  1161 | D:4      | Noticed Ijyb
  1171 | D:4      | Killed Ijyb
  1171 | D:4      | Reached skill level 5 in Evocations
  1171 | D:4      | Reached XP level 3. HP: 17/17 MP: 8/8
  1378 | D:3      | Found a stormy altar of Qazlal.
  1740 | D:3      | Reached XP level 4. HP: 13/21 MP: 11/11
  1951 | D:3      | Found an ancient bone altar of Kikubaaqudgha.
  2046 | D:4      | Noticed a scorpion
  2083 | D:4      | Killed a scorpion
  2083 | D:4      | Reached skill level 5 in Stealth
  2083 | D:4      | Reached skill level 6 in Evocations
  2083 | D:4      | Reached XP level 5. HP: 7/25 MP: 13/15
  2503 | D:3      | Found a white marble altar of Elyvilon.
  2831 | D:5      | Entered Level 5 of the Dungeon
  2866 | D:5      | Noticed an ogre
  2892 | D:5      | Reached skill level 7 in Evocations
  2896 | D:5      | Slain by an ogre

Action                   |  1- 3 |  4- 6 || total
-------------------------+-------+-------++-------
Melee: Short sword       |    79 |    60 ||   139
       Dagger            |       |    27 ||    27
Evoke: Wand              |    15 |     6 ||    21
 Stab: Sleeping          |     4 |     2 ||     6
       Paralysed         |     2 |       ||     2
       Distracted        |       |     2 ||     2
